 Dungeon Crawl Stone Soup version 0.31-a0-175-g9f7f995f2b (webtiles) character file.

Game seed: 14073339726539457780

62 qw the Shooter (level 4, -3/39 HPs)
             Began as a Naga Hunter on June 17, 2023.
             Slain by a worm (6 damage)
             ... on level 2 of the Dungeon.
             The game lasted 00:00:23 (853 turns).

qw the Shooter (Naga Hunter)                         Turns: 853, Time: 00:00:24

Health: -3/39      AC:  2    Str: 13    XL:     4   Next: 8%
Magic:  4/4        EV:  9    Int: 10    God:
Gold:   69         SH:  0    Dex: 16    Spells: 3/3 levels left

rFire   . . .        Y - +0 shortbow
rCold   . . .        (shield currently unavailable)
rNeg    . . .        c - +0 leather armour
rPois   +            (no helmet)
rElec   .            (no cloak)
rCorr   .            (no gloves)
SInv    +            (no barding)
Will    .....        (no amulet)
Stlth   ++           (no ring)
HPRegen 0.26/turn    (no ring)
MPRegen 0.09/turn

%: no passive effects
@: short of breath, very slow
A: AC +1, large, see invisible, deformed body, poison resistance, slowness 2,
spit poison 1, naga tail 1
a: Spit Poison


You were on level 2 of the Dungeon.
You visited 1 branch of the dungeon, and saw 2 of its levels.

You collected 69 gold pieces.


Innate Abilities, Weirdness & Mutations

Your serpentine skin is tough. (AC +1)
You have supernaturally acute eyesight. (SInv)
Armour fits poorly on your strangely shaped body.
Your system is resistant to poisons. (rPois)
You cover ground very slowly.
You can spit poison.
You have a snake-like lower body.


   Skills:
 + Level 2.0 Fighting
 - Level 5.0 Ranged Weapons
 - Level 1.5 Dodging
 - Level 1.5 Stealth


You had 3 spell levels left.
You didn't know any spells.
Your spell library was empty.

Inventory:

Hand Weapons
 Y - a +0 shortbow (weapon)
Armour
 c - a +0 leather armour (worn)
Scrolls
 b - a scroll of immolation {unknown}
 d - a scroll of noise {unknown}
Potions
 a - 2 potions of berserk rage {unknown}
 f - a potion of resistance {unknown}
 h - a potion of magic {unknown}

Dungeon Overview and Level Annotations

Branches:
Dungeon (2/15)

Altars:


Message History

The adder bites you but does no damage. The adder bites you.
You shoot an arrow. The arrow misses the adder.
The adder bites you but does no damage. The adder closely misses you.
You shoot an arrow. The arrow closely misses the adder.
You have got your breath back.
The adder barely misses you.
A worm comes into view.
846 ||| INVOKING Spit Poison.
Aiming: Spit Poison (2% risk of failure)
Press: ? - help, Shift-Dir - straight line, f/p - adder The splash of poison misses the adder.
The adder bites you. The adder completely misses you.
You shoot an arrow. The arrow hits the adder.
The adder is almost dead.
The adder barely misses you.
You shoot an arrow. The arrow hits the adder.
You kill the adder!
Your Ranged Weapons skill increases to level 5!
You have reached level 4!
You feel clever.
You shoot an arrow.
The arrow hits the worm but does no damage.
The worm barely misses you.
You shoot an arrow. The arrow hits the worm!
The worm is moderately wounded.
The worm bites you! x2
You shoot an arrow.
The arrow hits the worm but does no damage.
The worm is moderately wounded.
You have got your breath back.
The worm barely misses you.
852 ||| INVOKING Spit Poison.
Aiming: Spit Poison (1% risk of failure)
Press: ? - help, Shift-Dir - straight line, f/p - worm The splash of poison hits the worm.
The worm is poisoned.
The worm is heavily wounded.
The worm barely misses you. The worm bites you!
You shoot an arrow. The arrow hits the worm.
The worm is severely wounded.
The worm bites you.
You die...

..#
###.########
#.# # # ####
#...........
#.# #
#.#######.##
#.# # #.#
#.# # #.#
..# # #.#
### # #.#
###.###
#..w@.#
#.###w# ...
.# ### .# ..
.. ..# ..#


You could see 2 worms.

Vanquished Creatures
  3 adders (D:2)
  A worm (D:2)
  A dart slug (D:1)
  3 endoplasms
  A goblin (D:1)
  4 hobgoblins
  3 kobolds
  2 quokkas (D:2)
  A ball python (D:2)
  9 frilled lizards (D:1)
  5 rats
33 creatures vanquished.

Notes
Turn   | Place    | Note
-------+----------+-------------------------------------------
     0 | D:1      | qw the Naga Hunter began the quest for the Orb.
     0 | D:1      | Reached XP level 1. HP: 19/19 MP: 1/1
     0 | D:1      | 0 ||| qw: Version: 0.3-a-2-g5ab2908
     0 | D:1      | 0 ||| qw: Game counter: 218
     0 | D:1      | 0 ||| qw: Always use a shield: true
     0 | D:1      | 0 ||| qw: God list: Okawaru
     0 | D:1      | 0 ||| qw: Allow faded altars: false
     0 | D:1      | 0 ||| qw: Do Orc after D:15 true
     0 | D:1      | 0 ||| qw: Do second Lair branch before Depths: true
     0 | D:1      | 0 ||| qw: Lair rune preference: random
     0 | D:1      | 0 ||| qw: Plans: Normal
     0 | D:1      | 0 ||| PLANNING D:1-11
    16 | D:1      | 16 ||| INVOKING Spit Poison.
    91 | D:1      | 91 ||| INVOKING Spit Poison.
   116 | D:1      | 116 ||| INVOKING Spit Poison.
   122 | D:1      | Reached skill level 4 in Ranged Weapons
   122 | D:1      | Reached XP level 2. HP: 26/26 MP: 2/2
   122 | D:1      | 122 ||| INVOKING Spit Poison.
   127 | D:1      | 127 ||| INVOKING Spit Poison.
   132 | D:1      | 132 ||| INVOKING Spit Poison.
   136 | D:1      | 136 ||| INVOKING Spit Poison.
   142 | D:1      | 142 ||| INVOKING Spit Poison.
   148 | D:1      | 148 ||| INVOKING Spit Poison.
   228 | D:1      | 228 ||| INVOKING Spit Poison.
   261 | D:1      | 261 ||| INVOKING Spit Poison.
   265 | D:1      | 265 ||| INVOKING Spit Poison.
   268 | D:1      | 268 ||| INVOKING Spit Poison.
   361 | D:1      | 361 ||| INVOKING Spit Poison.
   420 | D:1      | 420 ||| INVOKING Spit Poison.
   509 | D:1      | 509 ||| DROPPING ring of magical power.
   510 | D:1      | 510 ||| READING scroll labelled DODEAC TERCHORUOZUJ.
   515 | D:1      | 515 ||| READING scroll labelled CEBEUD CEZXIPH.
   516 | D:1      | 516 ||| DROPPING scroll of butterflies.
   547 | D:2      | 547 ||| INVOKING Spit Poison.
   550 | D:2      | 550 ||| INVOKING Spit Poison.
   553 | D:2      | Reached XP level 3. HP: 27/32 MP: 3/3
   611 | D:2      | 611 ||| INVOKING Spit Poison.
   617 | D:2      | 617 ||| INVOKING Spit Poison.
   652 | D:2      | 652 ||| INVOKING Spit Poison.
   655 | D:2      | 655 ||| INVOKING Spit Poison.
   692 | D:2      | 692 ||| INVOKING Spit Poison.
   726 | D:2      | 726 ||| INVOKING Spit Poison.
   751 | D:2      | 751 ||| INVOKING Spit Poison.
   786 | D:2      | 786 ||| INVOKING Spit Poison.
   834 | D:2      | 834 ||| INVOKING Spit Poison.
   839 | D:2      | 839 ||| INVOKING Spit Poison.
   846 | D:2      | 846 ||| INVOKING Spit Poison.
   849 | D:2      | Reached skill level 5 in Ranged Weapons
   849 | D:2      | Reached XP level 4. HP: 32/39 MP: 4/4
   852 | D:2      | 852 ||| INVOKING Spit Poison.
   852 | D:2      | HP: 3/39 [worm (10)]
   853 | D:2      | Slain by a worm

Levels and vault maps discovered:
D:1:      minmay_arrival_glassed_features, layout_basic, minmay_lizard_pond
D:2:      layout_loops_ring, serial_bayou_pond_d

Skill      XL: |  1  2  3 |
---------------+----------+-----
Ranged Weapons | 4 5 |  5.0
Fighting       | |  2.0
Dodging        | |  1.5
Stealth        | |  1.5

Action                     |  1- 3 |  4- 6 || total
---------------------------+-------+-------++-------
   Fire: Shortbow          |    79 |     4 ||    83
Ability: Spit Poison       |    28 |     1 ||    29
    Use: Scroll            |     2 |       ||     2
 Armour: Leather armour    |    10 |       ||    10
  Dodge: Dodged            |    28 |     3 ||    31

Table legend:
 A = Non-vault XP
 B = Vault XP
 C = Vault XP percentage of total XP
 D = Non-vault monster count
 E = Vault monster count
 F = Vault count percentage of total count
                 A         B        C        D         E       F
            +---------+---------+-------+---------+---------+-------
      Total |      81 |       8 |   9.0 |      25 |       8 |  24.2
            +---------+---------+-------+---------+---------+-------
        D:1 |      18 |       8 |  30.8 |      10 |       8 |  44.4
        D:2 |      63 |       0 |   0.0 |      15 |       0 |   0.0
            +---------+---------+-------+---------+---------+-------
